 Dungeon Crawl Stone Soup version 0.25-a0-544-gee0576305d (webtiles) character file.

Game seed: 3498905695377580568, levelgen mode: classic

2375 EnegeticOcto the Chopper (level 9, -7/85 HPs)
             Began as a Deep Dwarf Fighter on Feb 20, 2020.
             Was a Follower of Makhleb.
             Killed by divine providence
             ... invoked by an orc priest
              (9 damage)
             ... on level 9 of the Dungeon.
             The game lasted 00:03:25 (4629 turns).

EnegeticOcto the Chopper (Deep Dwarf Fighter)       Turns: 4629, Time: 00:03:26

Health: -7/85      AC:  9    Str: 23    XL:     9   Next: 21%
Magic:  5/5        EV: 11    Int:  9    God:    Makhleb [*.....]
Gold:   268        SH: 11    Dex: 16    Spells: 8/8 levels left

rFire    . . .     SeeInvis .   a - +1 war axe
rCold    . . .     Gourm    .   c - +0 kite shield
rNeg     . . .     Faith    .   b - +0 scale mail
rPois    .         Spirit   .   l - +1 helmet
rElec    .         Reflect  .   (no cloak)
rCorr    .         Harm     .   (no gloves)
MR       +....     Rnd*Rage +   (no boots)
Stlth    ..........             (no amulet)
HPRegen  0.00/turn              (no ring)
MPRegen  0.09/turn              (no ring)

@: starving, non-regenerating
A: damage resistance, heal wounds, agile 2, berserk 1, sense surroundings 2, no
regeneration
a: Heal Wounds, Renounce Religion


You were on level 9 of the Dungeon.
You worshipped Makhleb.
Makhleb was aware of your devotion.
You were starving.

You visited 2 branches of the dungeon, and saw 10 of its levels.

You collected 268 gold pieces.

Inventory:

Hand Weapons
 a - a +1 war axe (weapon)
Armour
 b - a +0 scale mail (worn)
 c - a +0 kite shield (worn)
 l - a +1 helmet (worn)
Wands
 n - a wand of iceblast (8)
 q - a wand of polymorph (4)
Scrolls
 f - 3 scrolls of blinking {@r3}
 g - 2 scrolls of identify {@r1}
 j - 2 scrolls of immolation {@r4}
 m - a scroll of fog
 r - a scroll of remove curse {@r6}
Potions
 d - 2 potions of lignification {@q7}
 h - 3 potions of curing {@q1}
 i - a potion of degeneration {unknown}
 k - 2 potions of might {@q3}
 o - 5 potions of heal wounds {@q2}
 p - a potion of flight {unknown}
Comestibles
 e - 13 rations


   Skills:
 * Level 6.4 Fighting
 * Level 7.4 Axes
 + Level 5.8 Armour
 + Level 4.7 Dodging
 + Level 5.9 Shields
 * Level 4.2 Invocations


You had 8 spell levels left.
You didn't know any spells.
Your spell library was empty.

Dungeon Overview and Level Annotations

Branches:
Dungeon (9/15)             Temple (1/1) D:5             Orc (0/2) D:9
   Lair: D:8-11

Altars:
Ashenzari
Cheibriados
Dithmenos
Fedhas
Kikubaaqudgha
Makhleb
Qazlal
Ru
Sif Muna
Trog
Uskayaw
Vehumet
Xom
Yredelemnul
Zin
The Shining One

Shops:
D:8 %

Annotations:
D:4 1 runed translucent door


Innate Abilities, Weirdness & Mutations

You are resistant to damage.
You can heal yourself by infusing magical energy.
You passively map the area around you.
You do not regenerate.
You are very agile. (Dex +4)
You tend to lose your temper in combat.


Message History

The orc priest hits you with a +0 short sword.
You are too injured to fight recklessly!
You are too injured to fight recklessly!
You are too injured to fight recklessly!
You are too injured to fight recklessly!
You are too injured to fight recklessly!
You are too injured to fight recklessly!
You are too injured to fight recklessly!
You are too injured to fight recklessly!
You are too injured to fight recklessly!
You are too injured to fight recklessly!
You are too injured to fight recklessly!
You are too injured to fight recklessly!
You are too injured to fight recklessly!
You are too injured to fight recklessly!
You are too injured to fight recklessly!
You are too injured to fight recklessly!
You are too injured to fight recklessly!
You fail to use your ability.
The orc wizard gestures at you while chanting.
The magic dart hits you. You block the orc warrior's attack.
The orc priest calls down the wrath of Beogh upon you.
Beogh smites you!
* * * LOW HITPOINT WARNING * * *
The orc priest mumbles some strange prayers to Beogh against you.
Beogh smites you!
* * * LOW HITPOINT WARNING * * *
The orc hits you but does no damage.
The orc wizard gestures at you while chanting.
The magic dart hits you. You block the orc priest's attack.
You block the orc warrior's attack.
Your magical essence is drained by the effort!
You feel much better. The orc warrior closely misses you.
The orc hits you with a +0 flail.
A two-headed ogre comes into view. It is wielding two +0 giant clubs.
The orc priest hits you but does no damage.
The two-headed ogre shouts in stereo!
You slash the orc warrior!
The orc warrior is heavily wounded.
You hit the orc. You hit the orc priest.
The orc wizard gestures wildly while chanting.
The orc wizard blinks!
You block the orc warrior's attack.
The orc priest calls down the wrath of Beogh upon you.
You resist with some effort.
You hit the orc warrior.
The orc warrior is severely wounded.
You slash the orc priest! You barely miss the orc.
You are starving!
The orc warrior hits you from afar with a +0 trident!
You block the orc priest's attack. The orc closely misses you.
The orc warrior hits you with a +0 battleaxe!
* * * LOW HITPOINT WARNING * * *
You are too injured to fight recklessly!
You are too injured to fight recklessly!
You are too injured to fight recklessly!
You are too injured to fight recklessly!
You are too injured to fight recklessly!
You are too injured to fight recklessly!
You are too injured to fight recklessly!
You are too injured to fight recklessly!
You are too injured to fight recklessly!
You are too injured to fight recklessly!
You are too injured to fight recklessly!
You are too injured to fight recklessly!
You're too hungry.
You're too hungry.
You're too hungry.
You are too injured to fight recklessly!
You are too injured to fight recklessly!
You are too injured to fight recklessly!
The orc warrior hits you from afar with a +0 trident.
* * * LOW HITPOINT WARNING * * *
The orc wizard points at you and mumbles some strange words.
The magic dart hits you but does no damage.
You block the orc priest's attack. You block the orc's attack.
The orc warrior hits you with a +0 battleaxe.
* * * LOW HITPOINT WARNING * * *
The orc warrior barely misses you. The orc priest closely misses you.
The orc hits you but does no damage.
The orc priest calls down the wrath of Beogh upon you.
Beogh smites you!
* * * LOW HITPOINT WARNING * * *
The orc priest miscasts a cantrip.
You block the orc warrior's attack. You block the orc's attack.
You block the orc priest's attack.
The orc warrior hits you from afar with a +0 trident!
* * * LOW HITPOINT WARNING * * *
The orc priest miscasts a cantrip.
The orc wizard points at you and mumbles some strange words.
The magic dart hits you but does no damage.
The orc barely misses you. The two-headed ogre barely misses you.
The two-headed ogre closely misses you.
The orc warrior hits you with a +0 battleaxe.
The orc priest calls upon Beogh to heal the orc.
The orc's wounds heal themselves!
The orc warrior misses you. You block the orc wizard's attack.
You block the orc wizard's attack. You block the orc's attack.
The orc priest mumbles some strange prayers to Beogh against you.
Beogh smites you!
You die...

* * ## ** * * ,*
** 8 ##8# * , ,,
, ..#...# , , ,
.......## * , , ,
, ,...).ooo# , ,
.....ooo######. ,
* , ,, ,
,#@o...... , , *
* * *
*#oO......,, , *
*
#######.......#**
* * , ,
..............# ,
.......<......# ,
,
,,.########.....#
, , , , ,,,
.....# * , .....#
* , , , ...../,
,,,


You could see a two-headed ogre, 2 orc warriors, 4 orc priests, an orc wizard
and an orc.

Vanquished Creatures
  Menkaure (D:5)
  Duvessa (D:4)
  2 sky beasts
  An orc warrior (D:6)
  An ogre (D:5)
  2 necrophages
  2 phantoms
  3 bullfrogs
  A wyvern zombie (D:8)
  Dowan (D:4)
  3 killer bees (D:7)
  4 wights
  2 bullfrog zombies
  2 orc priests
  2 bullfrog skeletons
  7 orc wizards
  An iguana (D:4)
  4 worker ants
  A hound skeleton (D:5)
  A worker ant zombie (D:5)
  Robin (D:2)
  A howler monkey skeleton (D:7)
  8 gnolls
  8 adders
  An ooze (D:3)
  2 adder zombies (D:6)
  A worm (D:2)
  4 dart slugs
  7 leopard geckos
  22 orcs
  9 bats
  A giant cockroach (D:2)
  16 goblins
  5 hobgoblins
  7 jackals
  A quokka (Temple)
  4 ball pythons
  2 frilled lizards
  A jackal zombie (D:8)
  5 kobolds
  A leopard gecko skeleton (D:5)
  A quokka skeleton (D:4)
  4 rats
154 creatures vanquished.

Notes
Turn   | Place    | Note
-------+----------+-------------------------------------------
     0 | D:1      | EnegeticOcto the Deep Dwarf Fighter began the quest for the
                  | Orb.
     0 | D:1      | Reached XP level 1. HP: 20/20 MP: 1/1
    42 | D:1      | Reached XP level 2. HP: 21/27 MP: 2/2
   212 | D:2      | Reached XP level 3. HP: 22/34 MP: 3/3
   256 | D:2      | Reached skill level 1 in Dodging
   293 | D:2      | Reached skill level 3 in Axes
   490 | D:2      | Reached XP level 4. HP: 41/42 MP: 3/3
   545 | D:2      | Noticed Robin
   557 | D:2      | Killed Robin
   666 | D:3      | Reached XP level 5. HP: 25/49 MP: 4/4
   703 | D:3      | Reached skill level 4 in Axes
   795 | D:3      | Reached XP level 6. HP: 44/57 MP: 4/4
   898 | D:4      | Noticed a sky beast
   945 | D:4      | Killed a sky beast
  1097 | D:4      | Reached skill level 5 in Axes
  1097 | D:4      | Reached XP level 7. HP: 41/66 MP: 3/3
  1113 | D:4      | Noticed Duvessa
  1119 | D:4      | Noticed Dowan
  1135 | D:4      | Killed Duvessa
  1148 | D:4      | Killed Dowan
  1190 | D:4      | Reached skill level 5 in Fighting
  1208 | D:4      | Found a snail-covered altar of Cheibriados.
  1250 | D:4      | Found a hide-covered altar of Uskayaw.
  1359 | D:4      | Found a basalt altar of Yredelemnul.
  1525 | D:4      | Found a glowing silver altar of Zin.
  1526 | D:4      | Found a runed translucent door.
  1526 | D:4      | Noticed an angel
  1626 | D:5      | Entered Level 5 of the Dungeon
  1670 | D:5      | Noticed Menkaure
  1684 | D:5      | Killed Menkaure
  1684 | D:5      | Reached skill level 5 in Armour
  1684 | D:5      | Reached skill level 5 in Shields
  1684 | D:5      | Reached XP level 8. HP: 69/74 MP: 4/4
  1767 | D:5      | Reached skill level 6 in Axes
  1887 | D:5      | Found a staircase to the Ecumenical Temple.
  1906 | Temple   | Entered the Ecumenical Temple
  2021 | Temple   | Became a worshipper of Makhleb the Destroyer
  2374 | D:6      | Reached skill level 1 in Invocations
  2474 | D:6      | Gained mutation: You are agile. (Dex +2) [potion of
                  | mutation]
  2474 | D:6      | Gained mutation: You tend to lose your temper in combat.
                  | [potion of mutation]
  2474 | D:6      | Gained mutation: You are very agile. (Dex +4) [potion of
                  | mutation]
  2799 | D:6      | Reached skill level 7 in Axes
  2838 | D:6      | Reached * piety under Makhleb
  3108 | D:6      | Gained mutation: You passively map the area around you.
                  | [Deep Dwarf growth]
  3108 | D:6      | Reached XP level 9. HP: 60/80 MP: 6/6
  3214 | D:6      | Found a glowing golden altar of the Shining One.
  3284 | D:7      | Found a glowing silver altar of Zin.
  3285 | D:7      | Found a bloodstained altar of Trog.
  3285 | D:7      | Found a shimmering altar of Xom.
  3287 | D:7      | Found a stormy altar of Qazlal.
  3359 | D:7      | Found a shattered altar of Ashenzari.
  3560 | D:7      | Found a stormy altar of Qazlal.
  3969 | D:8      | Found Missoe's Food Boutique.
  4621 | D:9      | Noticed a two-headed ogre
  4627 | D:9      | HP: 2/85 [orc warrior/+0 trident (6)]
  4629 | D:9      | Killed from afar by an orc priest

Levels and vault maps discovered:
D:1:      sevenhm_arrival_forest_fort_large_4, layout_basic
D:2:      layout_loops_ring, uniq_robin
D:3:      layout_basic, chequers_ecumenical_altar_simple, first_ration,
          minmay_unequal
D:4:      layout_basic, eat_drink_and_be_merry_uskayaw, lemuel_crystal_altar,
          kennysheep_little_box, lemuel_angel_altar, uniq_duvessa
D:5:      layout_cave_pools, minmay_temple_entry_stoned_glass,
          chequers_serial_rivers_micro_c, uniq_menkaure
D:6:      layout_loops_corners, lemuel_coloured_pillars_altar
D:7:      layout_loops_ring, grunt_temple_overflow_open,
          evilmike_ruin_ashenzari, basic_altar
D:8:      layout_loops_corners, serial_shops, shop
D:9:      minmay_the_grid_triangle_9x9_rhombus_thin
          [minmay_the_grid_triangle_9x9_cache,
          minmay_the_grid_triangle_9x9_prize_center,
          minmay_the_grid_triangle_9x9_dagger,
          minmay_the_grid_triangle_9x9_from_above], layout_gridville,
          lemuel_crystal_altar, david_orc_4
Temple:   minmay_temple_forest_path

Skill      XL: |  1  2  3  4  5  6  7  8  9 |
---------------+----------------------------+-----
Fighting       | 3 4 5 6 |  6.4
Dodging        | 1 2 3 4 |  4.7
Axes           | 3 4 5 7 |  7.4
Armour         | 4 5 |  5.8
Shields        | 4 5 |  5.9
Invocations    | 3 4 |  4.2

Action                   |  1- 3 |  4- 6 |  7- 9 || total
-------------------------+-------+-------+-------++-------
Melee: War axe           |    83 |   198 |   351 ||   632
       Unarmed           |       |    24 |       ||    24
 Abil: Heal Wounds       |     1 |    10 |    16 ||    27
  Use: Scroll            |       |       |    16 ||    16
       Potion            |       |       |     1 ||     1
  Eat: Chunk             |       |     1 |     7 ||     8
       Ration            |       |       |     1 ||     1
Armor: Scale mail        |    67 |   105 |   115 ||   287
Dodge: Dodged            |    55 |   119 |   145 ||   319
Block: Kite shield       |    62 |   103 |   211 ||   376

Table legend:
 A = Non-vault XP
 B = Vault XP
 C = Vault XP percentage of total XP
 D = Non-vault monster count
 E = Vault monster count
 F = Vault count percentage of total count
                 A         B        C        D         E       F
            +---------+---------+-------+---------+---------+-------
      Total |    2876 |     518 |  15.3 |     133 |      21 |  13.6
            +---------+---------+-------+---------+---------+-------
        D:1 |      22 |       0 |   0.0 |      10 |       0 |   0.0
        D:2 |     105 |      34 |  24.5 |      31 |      11 |  26.2
        D:3 |     257 |      67 |  20.7 |      20 |       4 |  16.7
        D:4 |     545 |     225 |  29.2 |      25 |       2 |   7.4
        D:5 |     397 |     183 |  31.6 |      12 |       1 |   7.7
        D:6 |     965 |       0 |   0.0 |      23 |       0 |   0.0
        D:7 |     381 |       0 |   0.0 |       7 |       0 |   0.0
        D:8 |     202 |       0 |   0.0 |       4 |       0 |   0.0
        D:9 |       0 |       9 | 100.0 |       0 |       3 | 100.0
     Temple |       2 |       0 |   0.0 |       1 |       0 |   0.0
            +---------+---------+-------+---------+---------+-------
